 Dungeon Crawl Stone Soup version 0.29-a0-360-g8ed1089bbe (webtiles) character file.

Game seed: 18218559199129039631

15 Zeldest the Caller (level 2, -3/12 HPs)
             Began as a Felid Summoner on Apr 28, 2022.
             Frozen to death by an endoplasm (5 damage)
             ... on level 1 of the Dungeon.
             The game lasted 00:01:49 (227 turns).

Zeldest the Caller (Felid Summoner)                  Turns: 227, Time: 00:01:50

Health: -3/12      AC:  1    Str:  4    XL:     2   Next: 34%
Magic:  4/6        EV: 17    Int: 16    God:
Gold:   29         SH:  0    Dex: 16    Spells: 4/5 levels left
                                        Lives:  0   Deaths: 0

rFire   . . .      SeeInvis +   (weapon unavailable)
rCold   . . .      Faith    .   (shield unavailable)
rNeg    . . .      Spirit   .   (body armour unavailable)
rPois   .          Reflect  .   (helmet unavailable)
rElec   .          Harm     .   (cloak unavailable)
rCorr   .          Rampage  .   (gloves unavailable)
Will    .....                   (boots unavailable)
Stlth   ++........              (no amulet)
HPRegen 0.04/turn               (no ring)
MPRegen 0.10/turn               (no ring)

@: quick
A: very small, claws 1, fangs 3, see invisible, speed 1, shaggy fur 1, stealthy
paws, no weapons or thrown items, no armour, multi-lived
a: no special abilities


You were on level 1 of the Dungeon.
You visited 1 branch of the dungeon, and saw 2 of its levels.

You collected 39 gold pieces.
You spent 10 gold pieces at shops.

Inventory:

Scrolls
 f - a scroll of teleportation {unknown}
Potions
 a - a potion of magic
 b - 2 potions of lignification {unknown}
 c - a potion of curing {unknown}
 d - a potion of cancellation {unknown}
 e - a potion of mutation {unknown}


   Skills:
 + Level 0.6 Fighting
 + Level 3.0 Dodging
 + Level 3.1 Stealth
 + Level 0.6 Unarmed Combat
 - Level 2.0 Spellcasting
 + Level 4.1 Summonings


You had 4 spell levels left.
You knew the following spells:

 Your Spells              Type           Power      Damage    Failure   Level
a - Summon Small Mammal   Summ           56%        N/A       3%          1

Your spell library contained the following spells:

 Spells                   Type           Power      Damage    Failure   Level
 Call Imp                 Summ           14%        N/A       6%          2
 Call Canine Familiar     Summ           14%        N/A       12%         3
 Summon Guardian Golem    Hex/Summ       8%         N/A       26%         3
 Summon Lightning Spire   Summ/Air       8%         N/A       65%         4


Dungeon Overview and Level Annotations

Branches:
Dungeon (2/15)

Altars:

Shops:
D:2 !


Innate Abilities, Weirdness & Mutations

You have sharp claws.
You have razor-sharp teeth.
You have supernaturally acute eyesight. (SInv)
You cover ground quickly. (Speed+)
You are covered in fur. (AC +1)
Your paws help you pounce on unaware monsters.
You are incapable of wielding weapons or throwing items.
You cannot wear armour.
You gain extra lives every three experience levels.


Message History

You drop a potion of degeneration.
Found a scroll labelled VOULLUT DY ACKA.
Found a stone staircase leading up.
f - a scroll labelled VOULLUT DY ACKA
There is a stone staircase leading up here.
You climb upwards.
Found a leather armour.
There is a stone staircase leading down here.
The dart slug closely misses you.
You scratch the dart slug but do no damage.
The dart slug misses you.
You scratch the dart slug. You bite the dart slug.
The dart slug is heavily wounded.
You scratch the dart slug.
The dart slug is almost dead.
The dart slug closely misses you.
You scratch the dart slug but do no damage.
You bite the dart slug.
The dart slug is almost dead.
The dart slug completely misses you.
You scratch the dart slug.
You kill the dart slug!
There is a stone staircase leading down here.
A hobgoblin comes into view.
The hobgoblin shouts!
An endoplasm comes into view.
Casting: Summon Small Mammal (safe; 3% risk of failure)
Confirm with . or Enter, or press ? or * to list all spells.
The endoplasm quivers.
Casting: Summon Small Mammal (safe; 3% risk of failure)
Confirm with . or Enter, or press ? or * to list all spells.
The hobgoblin hits you.
You scratch the hobgoblin.
The hobgoblin is severely wounded.
Your rat barely misses the hobgoblin.
The hobgoblin hits you.
* * * LOW HITPOINT WARNING * * *
Your bat hits the hobgoblin but does no damage.
The endoplasm freezes you.
You are frozen.
You die...

#............
.....#......
...........
#.[........
#..........
#..........
#..bJ......
#..@g......
##.#r......
#>#.......
#.#.#####.
#.#.# #.#.#
#.#.# #.#.#
#.#


You could see an endoplasm, a hobgoblin (ally target), a friendly bat (summoned)
and a friendly rat (summoned).

Vanquished Creatures
  2 dart slugs (D:1)
  A giant cockroach (D:1)
  A goblin (D:1)
  2 hobgoblins
  A frilled lizard (D:1)
7 creatures vanquished.

Vanquished Creatures (collateral kills)
  An endoplasm (D:1)
  A goblin (D:1)
  A frilled lizard (D:1)
3 creatures vanquished.

Vanquished Creatures (others)
  3 withered plants (D:2)
3 creatures vanquished.

Grand Total: 13 creatures vanquished

Notes
Turn   | Place    | Note
-------+----------+-------------------------------------------
     0 | D:1      | Zeldest the Felid Summoner began the quest for the Orb.
     0 | D:1      | Reached XP level 1. HP: 7/7 MP: 4/4
   111 | D:1      | Reached XP level 2. HP: 6/12 MP: 4/6
   173 | D:1      | You fall into a shaft and drop 1 floor!
   173 | D:2      | Found Romumus's Distillery.
   177 | D:2      | Bought a potion of degeneration for 10 gold pieces
   227 | D:1      | Frozen to death by an endoplasm

Illustrated notes

Levels and vault maps discovered:
D:1:      minmay_arrival_cross, layout_basic
D:2:      minmay_roachtagon, layout_loops_ring, serial_shops, shop_fountains,
          ebering_ecumenical_altar_petrified

Skill      XL: |  1  2 |
---------------+-------+-----
Stealth        | 3 |  3.1
Dodging        | 3 |  3.0
Fighting       | |  0.6
Unarmed Combat | |  0.6
Spellcasting   | |  2.0
Summonings     | |  4.1

Action                   || total
-------------------------++-------
Melee: Unarmed           ||    19
       Bite              ||     4
 Cast: Summon Small Mamm ||     7
 Stab: Sleeping          ||     2
Dodge: Dodged            ||    13

Table legend: (Time is in decaauts)
 A = Elapsed time spent in this place.
 B = Non-inter-level travel time spent in this place.
 C = Inter-level travel time spent in this place.
 D = Time resting spent in this place.
 E = Time spent auto-exploring this place.
 F = Levels seen in this place.
 G = Mean time per level.
                   A        B        C        D        E       F      G
               +--------+--------+--------+--------+--------+-----+--------+
         Total |    190 |    190 |      0 |      0 |      0 |   2 |   95.0 |
       Dungeon |    190 |    190 |      0 |      0 |      0 |   2 |   95.0 |
               +--------+--------+--------+--------+--------+-----+--------+

Top non-repeatable levels by time:
     D:1: 155 daAuts
     D:2: 34 daAuts
